 Dungeon Crawl Stone Soup version 0.19-a0-1714-gcab94ab (webtiles) character file.

60 kae the Shield-Bearer (level 4, -2/35 HPs)
             Began as a Formicid Fighter on Sept 28, 2016.
             Killed by divine providence
             ... invoked by an orc priest
              (15 damage)
             ... on level 3 of the Dungeon.
             The game lasted 00:01:21 (1513 turns).

kae the Shield-Bearer (Formicid Fighter)            Turns: 1513, Time: 00:01:22

Health: -2/35      AC:  9    Str: 27    XL:     4   Next: 25%
Magic:  4/4        EV:  8    Int:  7    God:
Gold:   62         SH: 10    Dex: 10    Spells: 0 memorised, 3 levels left

rFire  . . .     SeeInvis +     a - +0 war axe
rCold  . . .     Gourm    .     b - +0 scale mail
rNeg   . . .     Faith    .     c - +0 shield
rPois  .         Spirit   .     (helmet unavailable)
rElec  .         Dismiss  .     (no cloak)
rCorr  .         Reflect  .     q - +0 pair of gloves
MR     .....     Harm     .     (no boots)
Stlth  ..........               (no amulet)
                                (no ring)
                                (no ring)

@: mighty
A: permanent stasis, dig shafts and tunnels, four strong arms, antennae 3
a: Dig, Shaft Self


You were on level 3 of the Dungeon.
You were very hungry.

You visited 1 branch of the dungeon, and saw 3 of its levels.

You collected 62 gold pieces.

Inventory:

Hand Weapons
 a - a +0 war axe (weapon)
Armour
 b - a +0 scale mail (worn)
 c - a +0 shield (worn)
 q - a +0 pair of gloves (worn)
Scrolls
 e - a scroll of amnesia {unknown}
 j - 4 scrolls of random uselessness {unknown}
 l - 2 scrolls of teleportation {unknown}
 m - 6 scrolls of identify {unknown}
 n - a scroll of fear {unknown}
 o - a scroll of fog {unknown}
 p - a scroll of enchant armour {unknown}
Potions
 d - a potion of might
 r - a potion of mutation {unknown}
 s - a potion of cancellation {unknown}
Comestibles
 f - a bread ration
 g - a slice of pizza
 k - 2 meat rations


   Skills:
 - Level 3.2 Fighting
 * Level 3.8 Axes
 - Level 3.2 Armour
 + Level 4.1 Shields


You had 3 spell levels left.
You didn't know any spells.

Dungeon Overview and Level Annotations

Branches:
Dungeon (3/15)

Altars:
Dithmenos


Innate Abilities, Weirdness & Mutations

You are under a permanent stasis effect.
You can dig through walls and to a lower floor.
Your four strong arms can wield two-handed weapons with a shield.
You have a pair of large antennae on your head. (SInv)


Message History

You miss the adder.
The adder is almost dead.
You feel sick. The adder bites you but does no damage. The adder bites you.
* * * LOW HITPOINT WARNING * * *
It was a potion of magic.
Magic courses through your body.
You feel sick. You block the adder's attack.
It was a potion of curing.
You feel better. The adder barely misses you.
You hit the adder.
You kill the adder!
You block the orc's attack.
Your shield and scale mail prevent you from hitting the orc.
The orc hits you with a hand axe.
You feel very mighty all of a sudden. The orc hits you but does no damage.
The orc priest looks braver for a moment.
You slash the orc!
You kill the orc!
The orc priest invokes the aid of Beogh against you.
Beogh smites you!
You die...

#{#####.# #.#.# #.....#K#
#.#<# #..##.#.# #.#.#
{{....#.# #.###.#.#
#######K# #.#...#.#
†.......######.#.###+#####
#######......#.#.#.......#
# #....###.#.#.#.......#
#........#.#@#.......#
#.....####.#o#.......#
#.........{o.+.......#
#.....####.#.#.......####
#####...##.#............#
#...##.#.##########.#
#...##.#..........#.#
#.####.#.###...##.#.# #.#
#.#.# #...##.#.#


You could see an orc priest and an orc.

Vanquished Creatures
  3 adders
  A worm (D:2)
  A dart slug (D:1)
  An orc (D:3)
  2 bats (D:1)
  A giant cockroach (D:1)
  4 goblins
  3 hobgoblins
  4 jackals (D:2)
  A ball python (D:2)
  3 frilled lizards
  A kobold (D:2)
  3 rats
28 creatures vanquished.

Notes
Turn   | Place    | Note
-------+----------+-------------------------------------------
     0 | D:1      | kae the Formicid Fighter began the quest for the Orb.
     0 | D:1      | Reached XP level 1. HP: 18/18 MP: 1/1
   237 | D:1      | Reached XP level 2. HP: 23/24 MP: 2/2
   881 | D:2      | Reached XP level 3. HP: 20/29 MP: 3/3
  1013 | D:2      | Found a shadowy altar of Dithmenos.
  1480 | D:3      | Reached skill level 4 in Shields
  1480 | D:3      | Reached XP level 4. HP: 19/35 MP: 4/4
  1513 | D:3      | Killed from afar by an orc priest

Vault maps used:
D:1:      roderic_chinese_lattice_arrival, grunt_decor_fettered
D:2:      grunt_dithmenos_smoke
D:3:      fedhas_altar_3, first_bread, minmay_misc_feat_plants

Skill      XL: |  1  2  3 |
---------------+----------+-----
Axes           | 3 |  3.8
Shields        | 4 |  4.1
Fighting       | |  3.2
Armour         | |  3.2

Action                   |  1- 3 |  4- 6 || total
-------------------------+-------+-------++-------
Melee: War axe           |   106 |    13 ||   119
  Use: Potion            |       |     3 ||     3
  Eat: Chunk             |     1 |       ||     1
Armor: Scale mail        |    44 |     7 ||    51
Dodge: Dodged            |    35 |     8 ||    43
Block: Shield            |    56 |     7 ||    63
